 Dungeon Crawl Stone Soup version 0.26-a0-466-g989023bd0d (webtiles) character file.

Game seed: 4290005507543115009

3873 Apogee the Cleaver (level 10, -14/91 HPs)
             Began as a Minotaur Berserker on Aug 1, 2020.
             Was an Elder of Trog.
             Demolished by a death yak (25 damage)
             ... on level 8 of the Dungeon.
             The game lasted 00:09:43 (8374 turns).

Apogee the Cleaver (Minotaur Berserker)             Turns: 8374, Time: 00:09:43

Health: -14/91     AC: 11    Str: 24    XL:     10   Next: 0%
Magic:  9/9        EV: 11    Int:  4    God:    Trog [****..]
Gold:   427        SH:  0    Dex: 11    Spells: 9/9 levels left

rFire    + . .     SeeInvis .   j - +0 war axe
rCold    x . .     Faith    .   (no shield)
rNeg     . . .     Spirit   .   x - +0 swamp dragon scales
rPois    +         Reflect  .   (helmet restricted)
rElec    .         Harm     .   (no cloak)
rCorr    .                      (no gloves)
MR       ++...                  w - +0 pair of boots
Stlth    +.........             (no amulet)
HPRegen  1.25/turn              k - ring of fire
MPRegen  0.11/turn              (no ring)

@: berserk cooldown, regenerating
A: retaliatory headbutt, horns 2
a: Berserk, Trog's Hand, Brothers in Arms, Renounce Religion


You were on level 8 of the Dungeon.
You worshipped Trog.
Trog was greatly pleased with you.
You visited 1 branch of the dungeon, and saw 8 of its levels.

You collected 472 gold pieces.
You spent 45 gold pieces at shops.

Inventory:

Hand Weapons
 j - a +0 war axe (weapon)
   (You took it off an orc on level 4 of the Dungeon)
Armour
 u - a +0 chain mail
   (You took it off an orc on level 4 of the Dungeon)
 w - a +0 pair of boots (worn)
   (You found it on level 7 of the Dungeon)
 x - +0 swamp dragon scales (worn)
   (You took it off Maggie on level 7 of the Dungeon)
Jewellery
 k - a ring of fire (left hand)
   (You found it on level 2 of the Dungeon)
Wands
 d - a wand of iceblast (12)
   (You found it on level 7 of the Dungeon)
 f - a wand of polymorph (2)
   (You found it on level 6 of the Dungeon)
 t - a wand of flame (17)
   (You found it on level 6 of the Dungeon)
Scrolls
 a - 2 scrolls of identify {@r1}
 g - 3 scrolls of teleportation {@r4}
 h - 2 scrolls of blinking {unknown}
 m - 2 scrolls of enchant weapon
 n - 6 scrolls of remove curse {@r2}
 p - 3 scrolls of magic mapping
 q - a scroll of immolation {unknown}
 r - 2 scrolls of fear {unknown}
 s - a scroll of fog {unknown}
Potions
 b - 2 potions of cancellation
 c - 2 potions of flight
 l - 2 potions of magic
 v - a potion of resistance


   Skills:
 + Level 9.3 Fighting
 * Level 12.4 Axes
 + Level 8.9 Armour
 - Level 2.1 Dodging


You had 9 spell levels left.
You didn't know any spells.
Your spell library was empty.

Dungeon Overview and Level Annotations

Branches:
Dungeon (8/15)             Temple (0/1) D:6
   Lair: D:8-11

Altars:
Fedhas
Gozag
Kikubaaqudgha
Xom

Shops:
D:7 ?

Annotations:
D:8 raph's ghost, novice MfSk


Innate Abilities, Weirdness & Mutations

You reflexively headbutt those who attack you in melee.
You have a pair of horns on your head.


Message History

The death yak gores you but does no damage.
The death yak gores you!
You completely miss the death yak.
The death yak gores you but does no damage.
You barely miss the death yak.
The death yak gores you but does no damage.
You fail to use your ability.
The death yak gores you!
* * * LOW HITPOINT WARNING * * *
The death yak gores you but does no damage.
You fail to use your ability.
The death yak gores you.
* * * LOW HITPOINT WARNING * * *
You hit the death yak. The death yak gores you!
* * * LOW HITPOINT WARNING * * *
The death yak barely misses you.
Your skin crawls.
You feel resistant to hostile enchantments.
Your transformation is almost over.
Your polar bear rages.
The death yak gores you!
* * * LOW HITPOINT WARNING * * *
Unknown command.
You barely miss the death yak.
The death yak gores you but does no damage.
The death yak gores you.
* * * LOW HITPOINT WARNING * * *
Unknown command.
Unknown command.
You cannot move.
You cannot move.
You cannot move.
You hit the death yak. The death yak gores you!
* * * LOW HITPOINT WARNING * * *
Unknown command.
It was a potion of haste.
You feel yourself speed up. The death yak gores you!
* * * LOW HITPOINT WARNING * * *
The death yak gores you.
* * * LOW HITPOINT WARNING * * *
Unknown command.
You barely miss the death yak.
Unknown command.
It was a potion of cancellation.
Your magical effects are unravelling.
You feel magically purged.
You feel less wooden.
Your +0 pair of boots unmelds from your body.
Your +0 swamp dragon scales unmelds from your body.
You feel yourself speed up.
You feel yourself slow down. The death yak gores you!!
You die...

#.......#
#.......## <
#........ .###
#..)oY# ...#
#.o)######..
###..#
####.......©
......######
##..#######
#.......###..###
#.<...h@Yo.###.W
#########o.##y.#..
#..# #...#. #...#
###! ##.### #.##yy
#.# #y. #.. ### #.


You could see a death yak, a queen bee, an orc warrior, 2 killer bees, an orc
and a friendly polar bear (summoned, berserk).

Vanquished Creatures
  Maggie (D:7)
  A hippogriff (D:5)
  Sigmund (D:5)
  Menkaure (D:7)
  A water moccasin (D:7)
  2 orc warriors
  A sky beast (D:4)
  5 ice beasts
  2 ogres (D:6)
  5 phantoms
  A necrophage (D:3)
  2 centaurs (D:5)
  4 bullfrogs
  4 killer bees (D:7)
  6 wights (D:6)
  2 howler monkeys
  A hound (D:4)
  A bullfrog zombie (D:5)
  3 orc wizards
  6 orc priests
  A bullfrog skeleton (D:6)
  An iguana (D:7)
  2 worker ants (D:5)
  3 gnolls (D:5)
  8 adders
  2 white imps
  An ufetubus (D:7)
  3 oozes
  2 adder zombies
  An adder skeleton (D:6)
  6 worms
  3 dart slugs
  3 leopard geckos
  29 orcs
  A ball python (D:1)
  3 giant cockroaches
  9 goblins
  9 hobgoblins
  9 jackals
  4 quokkas
  6 bats
  6 frilled lizards
  A jackal skeleton (D:4)
  7 kobolds
  2 leopard gecko skeletons
  7 rats
179 creatures vanquished.

Vanquished Creatures (others)
  An orc warrior (D:6)
  A bullfrog (D:6)
  A scorpion (D:6)
  An orc wizard (D:6)
  3 orcs (D:6)
  A quokka (D:6)
8 creatures vanquished.

Grand Total: 187 creatures vanquished

Notes
Turn   | Place    | Note
-------+----------+-------------------------------------------
     0 | D:1      | Apogee the Minotaur Berserker began the quest for the Orb.
     0 | D:1      | Reached XP level 1. HP: 19/19 MP: 0/0
   229 | D:1      | Reached skill level 4 in Axes
   274 | D:1      | Reached XP level 2. HP: 23/27 MP: 1/1
   699 | D:1      | Reached XP level 3. HP: 29/33 MP: 2/2
  1208 | D:2      | Reached ** piety under Trog
  1671 | D:2      | Reached XP level 4. HP: 36/40 MP: 3/3
  1702 | D:2      | Reached skill level 5 in Axes
  1898 | D:3      | Noticed a necrophage
  1911 | D:3      | Killed a necrophage
  1911 | D:3      | Reached XP level 5. HP: 45/45 MP: 4/4
  2879 | D:4      | Reached skill level 5 in Fighting
  2879 | D:4      | Reached skill level 6 in Axes
  2952 | D:4      | Reached XP level 6. HP: 46/54 MP: 5/5
  3148 | D:4      | Reached *** piety under Trog
  3675 | D:4      | Found an ancient bone altar of Kikubaaqudgha.
  3675 | D:4      | Found an opulent altar of Gozag.
  3769 | D:5      | Entered Level 5 of the Dungeon
  3794 | D:5      | Found a transporter.
  3815 | D:5      | Reached skill level 7 in Axes
  3817 | D:5      | Reached skill level 5 in Armour
  3817 | D:5      | Reached XP level 7. HP: 21/60 MP: 6/6
  4269 | D:5      | Noticed a hippogriff
  4271 | D:5      | Killed a hippogriff
  4271 | D:5      | Reached skill level 8 in Axes
  4308 | D:5      | Found a transporter.
  4316 | D:5      | Reached XP level 8. HP: 69/69 MP: 7/7
  4726 | D:5      | Reached skill level 9 in Axes
  5175 | D:5      | Noticed Sigmund
  5184 | D:5      | Killed Sigmund
  6016 | D:6      | Reached skill level 10 in Axes
  6130 | D:6      | Found a staircase to the Ecumenical Temple.
  6322 | D:6      | Found a shimmering altar of Xom.
  6358 | D:6      | Reached **** piety under Trog
  6412 | D:6      | Reached XP level 9. HP: 59/79 MP: 8/8
  6929 | D:6      | Reached skill level 11 in Axes
  7021 | D:6      | Found a blossoming altar of Fedhas.
  7330 | D:7      | Noticed Menkaure
  7337 | D:7      | Killed Menkaure
  7677 | D:7      | Reached skill level 12 in Axes
  7796 | D:7      | Noticed Maggie
  7813 | D:7      | Killed Maggie
  8188 | D:7      | Found Exakkum's Magic Scroll Shop.
  8193 | D:7      | Bought a scroll of magic mapping for 45 gold pieces
  8324 | D:8      | Noticed a death yak
  8345 | D:8      | Reached ***** piety under Trog
  8345 | D:8      | Reached XP level 10. HP: 45/89 MP: 9/9
  8348 | D:8      | Noticed raph's ghost (novice MfSk)
  8354 | D:8      | HP: 4/91 [death yak (10)]
  8374 | D:8      | Demolished by a death yak

Illustrated notes

Levels and vault maps discovered:
D:1:      minmay_arrival_loop, layout_basic
D:2:      layout_basic
D:3:      layout_basic
D:4:      layout_loops_corners, gammafunk_temple_overflow_statue,
          kennysheep_cross_room, hangedman_decor_slide_cut
D:5:      gammafunk_cloud_chamber, layout_basic, sigmund_army
D:6:      layout_rooms, xom_confusion_cloud, kennysheep_mini,
          minmay_temple_entry_hall
D:7:      layout_loops_corners, serial_shops, kennysheep_little_box,
          uniq_menkaure, uniq_maggie
D:8:      layout_rooms, dpeg_lair_monsters, gammafunk_ghost_hive,
          nicolae_gozag_seed_capital

Skill      XL: |  1  2  3  4  5  6  7  8  9 |
---------------+----------------------------+-----
Axes           | 4 5 6 7 8 10 12 | 12.4
Fighting       | 4 5 6 7 9 |  9.3
Armour         | 3 4 5 6 7 8 |  8.9
Dodging        | |  2.1

Action                   |  1- 3 |  4- 6 |  7- 9 | 10-12 || total
-------------------------+-------+-------+-------+-------++-------
Melee: Hand axe          |    81 |    89 |       |       ||   170
       Headbutt          |    14 |    21 |    45 |       ||    80
       War axe           |       |    30 |   260 |     9 ||   299
Invok: Berserk           |       |     1 |     4 |       ||     5
       Trog's Hand       |       |       |       |     1 ||     1
       Brothers in Arms  |       |       |       |     1 ||     1
  Use: Scroll            |       |       |     9 |       ||     9
       Potion            |       |       |       |     9 ||     9
Armor: Animal skin       |     3 |       |       |       ||     3
       Ring mail         |     9 |    26 |    25 |       ||    60
       Chain mail        |       |       |    62 |       ||    62
       Swamp dragon scal |       |       |     9 |     1 ||    10
       Skin              |       |       |       |    10 ||    10
Dodge: Dodged            |    55 |    64 |   109 |     3 ||   231

Table legend: (Time is in decaauts)
 A = Elapsed time spent in this place.
 B = Non-inter-level travel time spent in this place.
 C = Inter-level travel time spent in this place.
 D = Time resting spent in this place.
 E = Time spent auto-exploring this place.
 F = Levels seen in this place.
 G = Mean time per level.
                   A        B        C        D        E       F      G
               +--------+--------+--------+--------+--------+-----+--------+
         Total |   8422 |   8213 |    209 |   1146 |   5922 |   8 | 1052.8 |
       Dungeon |   8422 |   8213 |    209 |   1146 |   5922 |   8 | 1052.8 |
               +--------+--------+--------+--------+--------+-----+--------+

Top non-repeatable levels by time:
     D:5: 1974 daAuts
     D:4: 1316 daAuts
     D:7: 1277 daAuts
     D:1: 1131 daAuts
     D:6: 1071 daAuts
     D:3: 956 daAuts
     D:2: 626 daAuts
     D:8: 67 daAuts
